 Dungeon Crawl Stone Soup version 0.21-a0-94-gdd6ab6a (webtiles) character file.

9239 HAL9000 the Basher (level 11, -3/117 HPs)
             Began as an Ogre Hunter on July 3, 2017.
             Was an Elder of Trog.
             Killed by divine providence
             ... invoked by an orc priest
              (12 damage)
             ... on level 10 of the Dungeon.
             The game lasted 00:27:17 (10207 turns).

HAL9000 the Basher (Ogre Hunter)                   Turns: 10207, Time: 00:27:18

Health: -3/117     AC: 13    Str: 25    XL:     11   Next: 43%
Magic:  11/11      EV: 12    Int: 12    God:    Trog [****..]
Gold:   247        SH:  0    Dex:  9    Spells: 10/10 levels left

rFire    + . .     SeeInvis .   O - +2 morningstar (protect)
rCold    + . .     Gourm    .   (no shield)
rNeg     . . .     Faith    .   F - +1 robe of the Special Hells {rC+ Str+4 Slay+3}
rPois    +         Spirit   .   P - +1 hat
rElec    .         Reflect  .   Z - +0 cloak
rCorr    .         Harm     .   (gloves unavailable)
MR       +++..                  (boots unavailable)
Stlth    +.........             (no amulet)
HPRegen  1.29/turn              X - ring of protection from fire
MPRegen  0.12/turn              U - ring of poison resistance

@: about to teleport, protection aura, berserk cooldown, regenerating
A: unfitting armour, tough skin 1
a: Berserk, Trog's Hand, Brothers in Arms, Burn Spellbooks, Renounce Religion


You were on level 10 of the Dungeon.
You worshipped Trog.
Trog was greatly pleased with you.
You were very hungry.

You visited 2 branches of the dungeon, and saw 11 of its levels.
You also visited: Sewer.

You collected 410 gold pieces.
You spent 163 gold pieces at shops.

Inventory:

Hand Weapons
 O - a +2 morningstar of protection (weapon)
Missiles
 c - 4 large rocks (quivered)
 d - 2 throwing nets
Armour
 F - the +1 robe of the Special Hells (worn) {rC+ Str+4 Slay+3}
   (You found it on level 4 of the Dungeon)

   It affects your strength (+4).
   It affects your accuracy and damage with ranged weapons and melee attacks
   (+3).
   It protects you from cold.
 P - a +1 hat (worn)
 Z - a +0 cloak (worn)
Jewellery
 m - a +5 ring of intelligence
 t - an uncursed ring of protection from cold
 U - a ring of poison resistance (right hand)
 X - a ring of protection from fire (left hand)
Wands
 z - a wand of polymorph (8/24)
 B - a wand of iceblast (4/15)
 I - a wand of paralysis (10/24)
 Q - a wand of polymorph (11/24)
 W - a wand of digging (19/24)
Scrolls
 g - 2 scrolls of magic mapping
 i - 2 scrolls of fog
 o - 5 scrolls of remove curse
 p - 4 scrolls of identify
 r - 4 scrolls of blinking
 x - a scroll of enchant weapon
 E - a scroll of enchant armour
 M - 3 scrolls of teleportation
 Y - 2 scrolls of recharging
Potions
 h - 2 potions of might
 w - 2 potions of agility
 A - 4 potions of heal wounds
 C - 4 potions of brilliance
 G - 7 potions of curing
 S - 3 potions of flight
 V - a potion of cancellation
Books
 D - a book of Geomancy

   Spells                             Type                      Level
   a - Sandblast                      Earth                        1
   b - Passwall                       Transmutation/Earth          2
   c - Stone Arrow                    Conjuration/Earth            3
   d - Petrify                        Transmutation/Earth          4
   e - Lee's Rapid Deconstruction     Earth                        5
   Trog disapproves of the use of such an item.
 H - a book of Changes

   Spells                             Type                      Level
   a - Beastly Appendage              Transmutation                1
   b - Sticks to Snakes               Transmutation                2
   c - Spider Form                    Transmutation/Poison         3
   d - Ice Form                       Ice/Transmutation            4
   e - Blade Hands                    Transmutation                5
   Trog disapproves of the use of such an item.
 K - a book of Maledictions

   Spells                             Type                      Level
   a - Corona                         Hexes                        1
   b - Ensorcelled Hibernation        Hexes/Ice                    2
   c - Confuse                        Hexes                        3
   d - Tukima's Dance                 Hexes                        3
   e - Dazzling Spray                 Conjuration/Hexes            3
   Trog disapproves of the use of such an item.
 N - a book of Debilitation

   Spells                             Type                      Level
   a - Corona                         Hexes                        1
   b - Slow                           Hexes                        2
   c - Inner Flame                    Hexes/Fire                   3
   d - Portal Projectile              Hexes/Translocation          3
   e - Cause Fear                     Hexes                        4
   f - Leda's Liquefaction            Hexes/Earth                  4
   Trog disapproves of the use of such an item.
 R - a book of Frost

   Spells                             Type                      Level
   a - Freeze                         Ice                          1
   b - Throw Frost                    Conjuration/Ice              2
   c - Ozocubu's Armour               Charms/Ice                   3
   d - Throw Icicle                   Conjuration/Ice              4
   e - Summon Ice Beast               Ice/Summoning                4
   Trog disapproves of the use of such an item.
Comestibles
 f - 7 bread rations
 u - 8 meat rations
 J - 3 chunks of flesh
 L - a fruit
 T - 5 royal jellies


   Skills:
 + Level 10.1 Fighting
 * Level 12.6 Maces & Flails
 - Level 4.0 Throwing
 + Level 6.9 Dodging
 - Level 0.6 Stealth


You had 10 spell levels left.
You didn't know any spells.

Dungeon Overview and Level Annotations

Branches:
Dungeon (10/15)            Temple (1/1) D:4            Lair (0/6) D:9
    Orc: D:9-12

Altars:
Ashenzari
Cheibriados
Dithmenos
Elyvilon
Fedhas
Gozag
Hepliaklqana
Kikubaaqudgha
Makhleb
Nemelex Xobeh
Okawaru
Qazlal
Ru
Sif Muna
Trog
Uskayaw
Vehumet
Wu Jian
Xom
Yredelemnul
Zin
The Shining One

Shops:
D:4 %}:   D:5 }   D:7 ![[


Innate Abilities, Weirdness & Mutations

You are too large for most types of armour.
You have tough skin. (AC +1)


Message History

Something hits you but does no damage. x2
Unknown command.
As you read the scroll of teleportation, it crumbles to dust.
You feel strangely unstable. Something hits you but does no damage.
Something hits you!
* * * LOW HITPOINT WARNING * * *
The orc wizard gestures wildly while chanting.
The orc wizard flickers and vanishes!
Unknown command.
You hit something. Something hits you.
* * * LOW HITPOINT WARNING * * *
Unknown command.
You barely miss something. Something hits you!
* * * LOW HITPOINT WARNING * * *
Unknown command.
Something hits you.
* * * LOW HITPOINT WARNING * * *
The orc priest invokes the aid of Beogh against you.
Beogh smites you!
You die...

#.).##..... ...... #)).......
...... #(###..... ....## #o{#
...#. ... ##W##...# . #.
#.Y#...# .. #.# ##Y#...#.....
#.# #.#......... #.#
#######@...##..... #.#
...........##.... #.#
########.#.#....# #+#
#####.###########.#.#..#.# #.#
.............)....>)#..#.# #.#
#####.############.....#.###.#
#.# ##..........#### #.#
#.#.##......... #.#
###.###########


You could see 2 yaks, a wraith and an orc priest.

Vanquished Creatures
  2 two-headed ogres (D:10)
  A centaur zombie (D:10)
  A gargoyle (D:10)
  The ghost of HAL9000 the Cudgeler, an amateur OgHu (D:3)
  The ghost of p0werm0de the Insei, an amateur DsSu of Cheibriados (D:5)
  A hippogriff (D:8)
  A wyvern (D:9)
  A human (D:7)
  13 yaks
  2 hogs (D:7)
  3 ice beasts
  2 orc warriors
  2 phantoms
  A sky beast (D:7)
  A necrophage (D:5)
  5 ogres
  8 centaurs
  3 bullfrogs
  A wyvern skeleton (D:10)
  A scorpion (D:7)
  4 killer bees (D:9)
  3 howler monkeys
  8 crimson imps
  A bullfrog zombie (D:5)
  4 jellies
  2 hounds
  3 orc priests
  2 bullfrog skeletons (D:6)
  7 iguanas
  3 centaur skeletons
  Ijyb (D:3)
  3 orc wizards
  8 worker ants
  2 worker ant zombies
  11 adders
  3 gnolls (D:5)
  A howler monkey skeleton (D:5)
  5 river rats
  3 shadow imps
  2 oozes
  An adder skeleton (D:7)
  4 worms
  6 dart slugs
  7 leopard geckos
  36 orcs
  12 ball pythons
  3 giant cockroaches
  4 goblins
  5 hobgoblins
  15 jackals
  19 kobolds
  3 quokkas
  6 bats
  5 frilled lizards
  A leopard gecko skeleton (D:8)
  A quokka skeleton (D:8)
  29 rats
284 creatures vanquished.

Notes
Turn   | Place    | Note
-------+----------+-------------------------------------------
     0 | D:1      | HAL9000 the Ogre Hunter began the quest for the Orb.
     0 | D:1      | Reached XP level 1. HP: 22/22 MP: 1/1
   565 | D:1      | Reached XP level 2. HP: 30/31 MP: 2/2
  1207 | D:2      | Reached XP level 3. HP: 38/39 MP: 3/3
  1382 | D:2      | Reached skill level 1 in Maces & Flails
  1863 | D:3      | Reached skill level 2 in Maces & Flails
  2166 | D:3      | Reached XP level 4. HP: 40/48 MP: 4/4
  2213 | D:3      | Noticed HAL9000's ghost (amateur OgHu)
  2596 | D:3      | Killed HAL9000's ghost
  2596 | D:3      | Reached skill level 5 in Maces & Flails
  2596 | D:3      | Reached XP level 5. HP: 18/54 MP: 5/5
  2596 | D:3      | Reached XP level 6. HP: 20/62 MP: 6/6
  2881 | D:3      | Noticed Ijyb
  2885 | D:3      | Killed Ijyb
  3360 | D:4      | Found Nouseudgh's Food Boutique.
  3361 | D:4      | Found a staircase to the Ecumenical Temple.
  3374 | D:4      | Noticed a phantom
  3397 | D:4      | Killed a phantom
  3397 | D:4      | Reached skill level 6 in Maces & Flails
  3397 | D:4      | Reached XP level 7. HP: 41/70 MP: 7/7
  3424 | D:4      | Got a ripped robe
  3542 | D:4      | Identified the +1 robe of the Special Hells {rC+ Str+4 Slay+3} (You found it on level 4 of the Dungeon)
  3547 | Temple   | Entered the Ecumenical Temple
  3729 | Temple   | Became a worshipper of Trog the Wrathful
  4155 | D:4      | Found Wufadil's Gadget Boutique.
  4203 | D:4      | Found Plog's Book Shoppe.
  4325 | D:4      | Reached skill level 7 in Maces & Flails
  4536 | D:5      | Entered Level 5 of the Dungeon
  4645 | D:5      | Found Iboaped's Gadget Boutique.
  4700 | D:5      | Found an opulent altar of Gozag.
  4848 | D:5      | Noticed p0werm0de's ghost (amateur DsSu)
  4854 | D:5      | Killed p0werm0de's ghost
  4854 | D:5      | Reached skill level 8 in Maces & Flails
  4854 | D:5      | Reached XP level 8. HP: 72/78 MP: 8/8
  4955 | D:5      | Reached * piety under Trog
  5118 | D:5      | Reached skill level 9 in Maces & Flails
  5174 | D:5      | Found a glowing drain.
  5193 | Sewer    | Entered a sewer
  5288 | Sewer    | Reached ** piety under Trog
  6176 | D:6      | Reached skill level 5 in Fighting
  6176 | D:6      | Reached XP level 9. HP: 69/88 MP: 9/9
  6242 | D:6      | Reached *** piety under Trog
  6980 | D:7      | Reached skill level 10 in Maces & Flails
  6981 | D:7      | Found Gaow's Antique Armour Boutique.
  6984 | D:7      | Bought a cloak for 121 gold pieces
  6999 | D:7      | Found Wudyngom's Armour Boutique.
  7231 | D:7      | Received a gift from Trog
  7334 | D:7      | Reached XP level 10. HP: 72/102 MP: 10/10
  7527 | D:7      | Found Toqan's Distillery.
  7535 | D:7      | Bought a potion of curing for 42 gold pieces
  7640 | D:7      | Reached skill level 5 in Dodging
  7642 | D:7      | Reached skill level 11 in Maces & Flails
  7649 | D:7      | Reached **** piety under Trog
  8552 | D:8      | Received a gift from Trog
  9062 | D:9      | Found a staircase to the Lair.
  9682 | D:10     | Entered Level 10 of the Dungeon
  9798 | D:10     | Noticed a two-headed ogre
  9805 | D:10     | Killed a two-headed ogre
  9933 | D:10     | Noticed a gargoyle
  9938 | D:10     | Killed a gargoyle
  9938 | D:10     | Reached skill level 12 in Maces & Flails
  9938 | D:10     | Reached XP level 11. HP: 93/115 MP: 11/11
 10161 | D:10     | Noticed a two-headed ogre
 10176 | D:10     | Killed a two-headed ogre
 10178 | D:10     | Reached skill level 10 in Fighting
 10207 | D:10     | Killed from afar by an orc priest

Vault maps used:
D:1:      dpeg_arrival_arbitrary_a, minivault_4
D:2:      kennysheep_generic_room_6
D:3:      minivault_24, minmay_misc_feat_room, uniq_ijyb
D:4:      minmay_temple_entry_glass, serial_shops, nicolae_shop_stone, shop,
          shop
D:5:      grunt_gozag_breadcrumbs, first_bread, gup_sewer_entry_bubbles,
          serial_shops, shop_fountains
D:6:      st_stairs_12, minmay_misc_feat_tiny
D:7:      serial_shops, shop, nicolae_shop_behind_doors, nicolae_shop_trees,
          grunt_livestock
D:9:      lair_entry_dummy
D:10:     kennysheep_blocky_hall
Temple:   minmay_crystal_snake_temple
Sewer:    sewer_minmay_treatment

Skill      XL: |  1  2  3  4  5  6  7  8  9 10 11 |
---------------+----------------------------------+-----
Fighting       | 3 4 5 7 9 10 | 10.1
Maces & Flails | 2 5 6 8 9 10 12 | 12.6
Dodging        | 2 4 6 |  6.9
Throwing       | |  4.0
Stealth        | |  0.6

Action                   |  1- 3 |  4- 6 |  7- 9 | 10-12 || total
-------------------------+-------+-------+-------+-------++-------
Melee: Short sword       |   147 |    54 |       |       ||   201
       Whip              |       |    42 |    47 |       ||    89
       Flail             |       |       |    19 |       ||    19
       Morningstar       |       |       |   323 |   273 ||   596
Throw: Large rock        |     2 |    11 |     2 |     3 ||    18
       Throwing net      |       |     1 |       |       ||     1
Invok: Berserk           |       |       |     4 |     3 ||     7
       Trog's Hand       |       |       |       |     1 ||     1
  Use: Potion            |       |     2 |       |       ||     2
       Scroll            |       |       |    22 |     1 ||    23
 Stab: Sleeping          |     1 |       |     4 |     2 ||     7
  Eat: Chunk             |     4 |     4 |    16 |    12 ||    36
Armor: Robe              |    51 |    25 |   144 |    96 ||   316
       Skin              |       |    17 |       |       ||    17
Dodge: Dodged            |    90 |    41 |   207 |   139 ||   477
